 Dungeon Crawl Stone Soup version 0.19-b1-3-g7dea586 (webtiles) character file.

237 vev the Insei (level 5, -9/41 HPs)
             Began as a Draconian Ice Elementalist on Oct 29, 2016.
             Mangled by an ogre
             ... wielding a +0 giant spiked club
              (30 damage)
             ... on level 4 of the Dungeon.
             The game lasted 00:06:28 (3479 turns).

vev the Insei (Draconian Ice Elementalist)          Turns: 3479, Time: 00:06:29

Health: -9/41      AC:  6    Str: 11    XL:     5   Next: 77%
Magic:  1/8        EV: 13    Int: 15    God:
Gold:   168        SH:  0    Dex: 12    Spells: 1 memorised, 7 levels left

rFire  . . .     SeeInvis .       - Unarmed
rCold  . . .     Gourm    .     (armour unavailable)
rNeg   . . .     Faith    .     (no shield)
rPois  .         Spirit   .     (helmet restricted)
rElec  .         Reflect  .     (no cloak)
rCorr  .         Harm     .     e - +0 pair of gloves (curse)
MR     .....                    (no boots)
Stlth  ++........               (no amulet)
                                (no ring)
                                (no ring)

@: very slightly contaminated
A: unfitting armour, cold-blooded, AC +5
a: no special abilities


You were on level 4 of the Dungeon.
You were not hungry.

You visited 1 branch of the dungeon, and saw 4 of its levels.

You collected 168 gold pieces.

Inventory:

Armour
 e - a cursed +0 pair of gloves (worn)
Scrolls
 c - a scroll of fear {unknown}
 g - 3 scrolls of remove curse {unknown}
 i - 3 scrolls of identify {unknown}
 j - a scroll of immolation {unknown}
 n - 2 scrolls of teleportation {unknown}
 o - 2 scrolls of enchant weapon {unknown}
 q - 2 scrolls of amnesia {unknown}
Potions
 d - a potion of haste
 h - 2 potions of lignification {unknown}
 k - a potion of agility {unknown}
 m - a potion of degeneration {unknown}
 r - a potion of resistance {unknown}
Books
 a - a book of Frost

   Spells                             Type                      Level
   a - Freeze                         Ice                          1
   b - Throw Frost                    Conjuration/Ice              2
   c - Ozocubu's Armour               Charms/Ice                   3
   d - Throw Icicle                   Conjuration/Ice              4
   e - Summon Ice Beast               Ice/Summoning                4
 s - a book of Cantrips

   Spells                             Type                      Level
   a - Confusing Touch                Hexes                        1
   b - Animate Skeleton               Necromancy                   1
   c - Summon Small Mammal            Summoning                    1
   d - Apportation                    Translocation                1
Comestibles
 b - 7 bread rations
 f - 4 chunks of flesh
 l - a meat ration
 p - 5 fruits


   Skills:
 + Level 2.0 Fighting
 - Level 2.6 Dodging
 + Level 1.9 Stealth
 + Level 4.6 Unarmed Combat
 - Level 2.0 Spellcasting
   Level 1.0 Conjurations
 - Level 3.0 Ice Magic


You had 7 spell levels left.
You knew the following spells:

 Your Spells              Type           Power        Failure   Level  Hunger
a - Freeze                Ice            ##..         8%          1    #......


Dungeon Overview and Level Annotations

Branches:
Dungeon (4/15)
 Temple: D:4-7

Altars:
Dithmenos
Okawaru
Uskayaw
Vehumet
The Shining One


Innate Abilities, Weirdness & Mutations

Your plain brown scales are hard. (AC +5)
You cannot fit into any form of body armour.
You are cold-blooded and may be slowed by cold attacks.


Message History

Aiming: Freeze
Press: ? - help, Shift-Dir - straight line, f/p - ogre
Aim: an ogre, wielding a giant spiked club (heavily wounded)
You freeze the ogre.
The ogre is heavily wounded.
The ogre misses you.
Casting: Freeze
Confirm with . or Enter, or press ? or * to list all spells.
Aiming: Freeze
Press: ? - help, Shift-Dir - straight line, f/p - ogre
Aim: an ogre, wielding a giant spiked club (heavily wounded)
You miscast Freeze.
You feel a strange surge of energy!
* * * LOW MAGIC WARNING * * *
The ogre hits you with a giant spiked club!!
You punch the ogre! You tail-slap the ogre.
The ogre is almost dead.
The ogre hits you with a giant spiked club!!
Ouch! That really hurt!
You die...

##....#.# #...#.#
_...8...# ###.#.#
)%.....# #.#.#
....8..# #.#.#
.......# #.#.#
....8.# #.#..
......# #.###
.#..#############.#
...............O@.#
#.#################
.[ ##


You could see an ogre.

Vanquished Creatures
  An orc wizard (D:3)
  Jessica (D:2)
  Ijyb (D:2)
  Robin (D:2)
  A gnoll (D:1)
  2 adders (D:3)
  3 oozes (D:3)
  3 dart slugs
  4 leopard geckos
  8 orcs
  3 bats (D:2)
  5 giant cockroaches
  18 goblins
  6 hobgoblins
  8 kobolds
  4 quokkas
  3 ball pythons
  5 frilled lizards
  7 rats
84 creatures vanquished.

Notes
Turn   | Place    | Note
-------+----------+-------------------------------------------
     0 | D:1      | vev the Draconian Ice Elementalist began the quest for the Orb.
     0 | D:1      | Reached XP level 1. HP: 14/14 MP: 3/3
    90 | D:1      | Reached skill level 1 in Unarmed Combat
   289 | D:1      | Reached XP level 2. HP: 17/20 MP: 5/5
   460 | D:1      | Reached skill level 2 in Unarmed Combat
   608 | D:1      | HP: 1/20 [gnoll/spear (6)]
   799 | D:1      | Reached XP level 3. HP: 23/26 MP: 6/6
  1108 | D:1      | Reached skill level 3 in Unarmed Combat
  1310 | D:2      | Noticed Robin
  1434 | D:2      | Noticed Ijyb
  1459 | D:2      | Killed Ijyb
  1459 | D:2      | Reached XP level 4. HP: 22/33 MP: 0/7
  1871 | D:2      | Reached skill level 4 in Unarmed Combat
  2059 | D:2      | Killed Robin
  2091 | D:2      | Noticed Jessica
  2112 | D:2      | Killed Jessica
  2112 | D:2      | Reached skill level 1 in Fighting
  2112 | D:2      | Reached skill level 2 in Dodging
  2400 | D:3      | Reached XP level 5. HP: 40/40 MP: 4/8
  3133 | D:3      | Found an iron altar of Okawaru.
  3136 | D:3      | Found a radiant altar of Vehumet.
  3150 | D:3      | Found a shadowy altar of Dithmenos.
  3264 | D:3      | Found a glowing golden altar of the Shining One.
  3347 | D:4      | Reached skill level 2 in Fighting
  3451 | D:4      | Found a hide-covered altar of Uskayaw.
  3452 | D:4      | Noticed an ogre
  3479 | D:4      | Mangled by an ogre

Skill      XL: |  1  2  3  4  5 |
---------------+----------------+-----
Unarmed Combat | 1 2 3 4 |  4.6
Fighting       | 1 2 |  2.0
Dodging        | 2 |  2.6
Stealth        | |  1.9
Spellcasting   | |  2.0
Conjurations   | |  1.0
Ice Magic      | |  3.0

Action                   |  1- 3 |  4- 6 || total
-------------------------+-------+-------++-------
Melee: Unarmed           |   127 |   171 ||   298
       Tailslap          |    13 |    13 ||    26
       Punch             |       |     1 ||     1
 Cast: Freeze            |    19 |    30 ||    49
  Use: Potion            |     1 |       ||     1
 Stab: Sleeping          |     3 |     5 ||     8
       Distracted        |       |     1 ||     1
  Eat: Chunk             |     2 |     7 ||     9
Armor: Skin              |    39 |    59 ||    98
Dodge: Dodged            |    68 |   101 ||   169
